MLB
MONTREAL EXPOS @ HOUSTON ASTROS
09/06/2046
 
TOP OF THE 1ST
Montreal Expos batting - Pitching for Houston Astros : RHP Brian Lynch
Pitching: RHP Brian Lynch
Batting: RHB Robby Juarez 0-0: Foul Ball, location: 2F
0-1: Ball
1-1: Foul Ball, location: 2F
1-2: Foul Ball, location: 2F
1-2: Foul Ball, location: 2F
1-2: Foul Ball, location: 2F
1-2: Ball
2-2: Foul Ball, location: 2F
2-2: Hit by Pitch
Batting: RHB Steve French 0-0: Fly out, F9 (Line Drive, 9, EV 101.9 MPH)
Batting: LHB Austin Ohmer Pickoff Throw to First - Out! 1-3
0-0: Ball
1-0: Fly out, F8 (Flyball, 78M, EV 95.0 MPH)
Top of the 1st over - 0 runs, 0 hits, 0 errors, 0 left on base; Montreal 0 - Houston 0
BOTTOM OF THE 1ST
Houston Astros batting - Pitching for Montreal Expos : LHP Brian White
Pitching: LHP Brian White
Batting: RHB Chang-wei Jiang 0-0: Foul Ball, location: 2F
0-1: Ball
1-1: Called Strike
1-2: Foul Ball, location: 2F
1-2: Foul Ball, location: 2F
1-2: Ball
2-2: Fly out, F8 (Flyball, 8RM, EV 82.5 MPH)
Batting: RHB Elijah Hunter 0-0: Ball
1-0: Ball
2-0: Ball
3-0: Called Strike
3-1: Ground out 4-3 (Groundball, 4, EV 106.2 MPH)
Batting: RHB Chris Lane 0-0: Ball
1-0: Called Strike
1-1: Called Strike
1-2: Ball
2-2: Ball
3-2: Base on Balls
Batting: RHB Josh Froyd 0-0: Ball
1-0: TRIPLE (Line Drive, 89XD, EV 97.5 MPH)
Chris Lane scores
Batting: RHB Matt Thompson 0-0: Foul Ball, location: 2F
0-1: Called Strike
0-2: Ball
1-2: Ball
2-2: Ball
3-2: Foul Ball, location: 2F
3-2: Base on Balls
Batting: SHB Joe Gardner 0-0: Ball
1-0: Ball
2-0: Foul Ball, location: 2F
2-1: Foul Ball, location: 2F
2-2: Foul Ball, location: 2F
2-2: Ball
3-2: Fly out, F7 (Flyball, 7S, EV 96.9 MPH)
Bottom of the 1st over - 1 run, 1 hit, 0 errors, 2 left on base; Montreal 0 - Houston 1
TOP OF THE 2ND
Montreal Expos batting - Pitching for Houston Astros : RHP Brian Lynch
Batting: RHB Mike Salmon 0-0: Ball
1-0: TRIPLE (Line Drive, 9D, EV 107.5 MPH)
Batting: RHB John Ham 0-0: Ball
1-0: Ball
2-0: Called Strike
2-1: Ball
3-1: Foul Ball, location: 2F
3-2: Foul Ball, location: 2F
3-2: Strikes out swinging
Batting: LHB Steve Anderson 0-0: Called Strike
0-1: Ball
1-1: Ball
2-1: Foul Ball, location: 2F
2-2: SINGLE (Line Drive, 9S, EV 85.6 MPH)
Mike Salmon scores
Batting: RHB C.J. Beavers 0-0: Ball
1-0: Swinging Strike
1-1: Called Strike
1-2: Grounds into double play, 5-4-3 (Groundball, 56, EV 102.5 MPH)
Top of the 2nd over - 1 run, 2 hits, 0 errors, 0 left on base; Montreal 1 - Houston 1
BOTTOM OF THE 2ND
Houston Astros batting - Pitching for Montreal Expos : LHP Brian White
Batting: RHB Jeremy Trump 0-0: Ball
1-0: Ball
2-0: Ball
3-0: Base on Balls
Batting: SHB Troy Kenyon 0-0: Ball
1-0: Fly out, F8 (Flyball, 8LM, EV 95.0 MPH)
Batting: LHB Bryce Hill 0-0: Called Strike
0-1: Ball
1-1: Foul Ball, location: 2F
1-2: Foul Ball, location: 2F
1-2: Ball
2-2: SINGLE (Groundball, 34D, EV 96.9 MPH)
Jeremy Trump to second
Runner from 2nd tries for 3rd, SAFE, throw by RF made to third
Batting: RHB Chang-wei Jiang 0-0: Foul Ball, location: 2F
0-1: Ball
1-1: Ball
2-1: Ball
3-1: Fly out, F7 (Flyball, 7S, EV 86.9 MPH)
Batting: RHB Elijah Hunter 0-0: Ball
1-0: Swinging Strike
1-1: Foul Ball, location: 2F
1-2: Foul Ball, location: 2F
1-2: Ball
2-2: Foul Ball, location: 2F
2-2: Ball
3-2: Foul Ball, location: 2F
3-2: Base on Balls
Bryce Hill to second
Batting: RHB Chris Lane 0-0: Foul Ball, location: 2F
0-1: Swinging Strike
0-2: Fly out, F3 (Flyball, 34D, EV 90.0 MPH)
Bottom of the 2nd over - 0 runs, 1 hit, 0 errors, 3 left on base; Montreal 1 - Houston 1
TOP OF THE 3RD
Montreal Expos batting - Pitching for Houston Astros : RHP Brian Lynch
Batting: RHB Eugênio Asceno 0-0: Ball
1-0: Ball
2-0: Ball
3-0: Base on Balls
Batting: RHB Danny Diaz 0-0: Foul Ball, location: 2F
0-1: Foul Ball, location: 2F
0-2: Ball
1-2: Foul Ball, location: 2F
1-2: Ball
Eugênio Asceno steals 2nd base (no throw)
2-2: Ball
3-2: Strikes out looking
Batting: RHB Robby Juarez 0-0: Swinging Strike
0-1: Foul Ball, location: 2F
0-2: Foul Ball, location: 2F
0-2: Strikes out looking
Batting: RHB Steve French 0-0: Ball
1-0: Foul Ball, location: 2F
1-1: Ball
2-1: Ground out U3 (Groundball, 34, EV 86.2 MPH)
Top of the 3rd over - 0 runs, 0 hits, 0 errors, 1 left on base; Montreal 1 - Houston 1
BOTTOM OF THE 3RD
Houston Astros batting - Pitching for Montreal Expos : LHP Brian White
Batting: RHB Josh Froyd 0-0: Reached on error, E5 (Groundball, 5, EV 106.9 MPH)
Batting: RHB Matt Thompson 0-0: Called Strike
0-1: Ball
1-1: Ball
2-1: Fielders Choice at 2nd, 4-6 (Groundball, 4, EV 89.4 MPH)
Batting: SHB Joe Gardner 0-0: Ball
1-0: Ball
2-0: Grounds into double play, 3-6-1 (Groundball, 3, EV 104.4 MPH)
Bottom of the 3rd over - 0 runs, 0 hits, 1 error, 0 left on base; Montreal 1 - Houston 1
TOP OF THE 4TH
Montreal Expos batting - Pitching for Houston Astros : RHP Brian Lynch
Batting: LHB Austin Ohmer 0-0: Called Strike
0-1: Called Strike
0-2: Ball
1-2: Strikes out swinging
Batting: RHB Mike Salmon 0-0: Foul Ball, location: 2F
0-1: Ball
1-1: Called Strike
1-2: Ball
2-2: Foul Ball, location: 2F
2-2: Ball
3-2: Ground out 6-3 (Groundball, 6, EV 89.4 MPH)
Batting: RHB John Ham 0-0: Called Strike
0-1: SOLO HOME RUN (Line Drive, 7LD, EV 105.6 MPH), Distance : 373 ft
Batting: LHB Steve Anderson 0-0: Called Strike
0-1: Called Strike
0-2: Strikes out swinging
Top of the 4th over - 1 run, 1 hit, 0 errors, 0 left on base; Montreal 2 - Houston 1
BOTTOM OF THE 4TH
Houston Astros batting - Pitching for Montreal Expos : LHP Brian White
Batting: RHB Jeremy Trump 0-0: Called Strike
0-1: SINGLE (Flyball, 8RS, EV 96.2 MPH)
Batting: SHB Troy Kenyon 0-0: Called Strike
0-1: Ball
1-1: Ball
2-1: Ball
3-1: Swinging Strike
3-2: Base on Balls
Jeremy Trump to second
Batting: LHB Bryce Hill 0-0: Called Strike
0-1: Grounds into double play, 6-4-3 (Groundball, 6, EV 103.8 MPH)
Jeremy Trump to third
Batting: RHB Chang-wei Jiang 0-0: Ball
1-0: Foul Ball, location: 2F
1-1: Hit by Pitch
Batting: RHB Elijah Hunter 0-0: Called Strike
0-1: Ball
1-1: Called Strike
1-2: Foul Ball, location: 2F
1-2: Foul Ball, location: 2F
1-2: Foul Ball, location: 2F
1-2: Strikes out swinging
Bottom of the 4th over - 0 runs, 1 hit, 0 errors, 2 left on base; Montreal 2 - Houston 1
TOP OF THE 5TH
Montreal Expos batting - Pitching for Houston Astros : RHP Brian Lynch
Batting: RHB C.J. Beavers 0-0: Foul Ball, location: 2F
0-1: Ball
1-1: Ground out 4-3 (Groundball, 34, EV 101.9 MPH)
Batting: RHB Eugênio Asceno 0-0: SINGLE (Groundball, 6MD, EV 95.6 MPH)
Batting: RHB Danny Diaz 0-0: Called Strike
0-1: Ball
1-1: Foul Ball, location: 2F
1-2: SINGLE (Line Drive, 9S, EV 85.6 MPH)
Eugênio Asceno to second
Runner from 2nd tries for 3rd, SAFE, throw by RF made to third
Batting: RHB Robby Juarez 0-0: Called Strike
0-1: Called Strike
0-2: Ball
1-2: SINGLE (Line Drive, 89S, EV 93.1 MPH)
Eugênio Asceno scores
Danny Diaz to second
Runner from 2nd tries for 3rd, SAFE, no throw by RF
Batting: RHB Steve French 0-0: Ball
1-0: Foul Ball, location: 2F
1-1: Ball
2-1: Foul Ball, location: 2F
2-2: Ball
3-2: Strikes out looking
Batting: LHB Austin Ohmer 0-0: Called Strike
0-1: Called Strike
0-2: Foul Ball, location: 2F
0-2: Foul Ball, location: 2F
0-2: Strikes out swinging
Top of the 5th over - 1 run, 3 hits, 0 errors, 2 left on base; Montreal 3 - Houston 1
BOTTOM OF THE 5TH
Houston Astros batting - Pitching for Montreal Expos : LHP Brian White
Batting: RHB Chris Lane 0-0: Ball
1-0: Foul Ball, location: 2F
1-1: Ball
2-1: Ball
3-1: Base on Balls
Batting: RHB Josh Froyd 0-0: Foul Ball, location: 2F
0-1: Ball
1-1: Grounds into double play, 5-4-3 (Groundball, 5, EV 88.1 MPH)
Batting: RHB Matt Thompson 0-0: Ball
1-0: Ball
2-0: SOLO HOME RUN (Flyball, 7LD, EV 95.6 MPH), Distance : 352 ft
Batting: SHB Joe Gardner 0-0: Ball
1-0: SINGLE (Groundball, 56D, EV 102.5 MPH)
Batting: RHB Jeremy Trump 0-0: Hit by Pitch
Joe Gardner to second
Batting: SHB Troy Kenyon 0-0: Ball
1-0: Ball
2-0: SINGLE (Line Drive, 78S, EV 111.2 MPH)
Joe Gardner to third
Jeremy Trump to second
Batting: LHB Bryce Hill 0-0: Fly out, F8 (Line Drive, 8LM, EV 96.9 MPH)
Bottom of the 5th over - 1 run, 3 hits, 0 errors, 3 left on base; Montreal 3 - Houston 2
TOP OF THE 6TH
Montreal Expos batting - Pitching for Houston Astros : RHP Brian Lynch
Batting: RHB Mike Salmon 0-0: Called Strike
0-1: Foul Ball, location: 2F
0-2: Ball
1-2: Ball
2-2: Ball
3-2: Foul Ball, location: 2F
3-2: SINGLE (Groundball, 56D, EV 101.2 MPH)
Batting: RHB John Ham 0-0: Ball
1-0: Ball
2-0: Ball
Mike Salmon steals 2nd base (no throw)
3-0: Called Strike
3-1: Base on Balls
Pitching: RHP Paul Schwartz
Batting: LHB Steve Anderson 0-0: Called Strike
0-1: Ball
1-1: Ball
2-1: Ball
3-1: Base on Balls
Mike Salmon to third
John Ham to second
Batting: RHB C.J. Beavers 0-0: Called Strike
0-1: Called Strike
0-2: Ball
1-2: Fly out, F8 (Flyball, 8LS, EV 85.0 MPH)
Runner from 3rd tags up, SCORES, throw by CF
Batting: RHB Eugênio Asceno 0-0: Called Strike
0-1: Ball
1-1: Ball
2-1: Foul Ball, location: 2F
2-2: Foul Ball, location: 2F
2-2: Fly out, F7 (Flyball, 78S, EV 90.6 MPH)
Batting: RHB Danny Diaz 0-0: Ball
1-0: Foul Ball, location: 2F
1-1: Fielders Choice at 2nd, 6-4 (Groundball, 6, EV 83.1 MPH)
Top of the 6th over - 1 run, 1 hit, 0 errors, 2 left on base; Montreal 4 - Houston 2
BOTTOM OF THE 6TH
Houston Astros batting - Pitching for Montreal Expos : LHP Brian White
Batting: RHB Chang-wei Jiang 0-0: Called Strike
0-1: Foul Ball, location: 2F
0-2: Ground out 3-1 (Groundball, 3D, EV 79.4 MPH)
Pitching: RHP Elliott Payne
Batting: RHB Elijah Hunter 0-0: Ball
1-0: Ball
2-0: Hit by Pitch
Batting: RHB Chris Lane 0-0: Ball
Elijah Hunter is caught stealing 2nd base 2-4
1-0: Swinging Strike
1-1: Called Strike
1-2: Ball
2-2: SINGLE (Groundball, 6MD, EV 101.9 MPH)
Batting: RHB Josh Froyd 0-0: Swinging Strike
0-1: Foul Ball, location: 2F
0-2: Foul Ball, location: 2F
0-2: Foul Ball, location: 2F
0-2: Strikes out swinging
Bottom of the 6th over - 0 runs, 1 hit, 0 errors, 1 left on base; Montreal 4 - Houston 2
TOP OF THE 7TH
Montreal Expos batting - Pitching for Houston Astros : RHP Paul Schwartz
Batting: RHB Robby Juarez 0-0: Called Strike
0-1: Ball
1-1: Fly out, F8 (Flyball, 89M, EV 92.5 MPH)
Batting: RHB Steve French 0-0: Foul Ball, location: 2F
0-1: Ball
1-1: Foul Ball, location: 2F
1-2: Strikes out swinging
Batting: LHB Austin Ohmer 0-0: Ball
1-0: Called Strike
1-1: Ball
2-1: Swinging Strike
2-2: Foul Ball, location: 2F
2-2: Ball
3-2: Foul Ball, location: 2F
3-2: Fly out, F5 (Popup, 56, EV 78.8 MPH)
Top of the 7th over - 0 runs, 0 hits, 0 errors, 0 left on base; Montreal 4 - Houston 2
BOTTOM OF THE 7TH
Houston Astros batting - Pitching for Montreal Expos : RHP Elliott Payne
Batting: RHB Matt Thompson 0-0: Called Strike
0-1: Foul Ball, location: 2F
0-2: Foul Ball, location: 2F
0-2: Foul Ball, location: 2F
0-2: Ball
1-2: Ball
2-2: Foul Ball, location: 2F
2-2: Ground out 6-3 (Groundball, 6, EV 83.8 MPH)
Batting: SHB Joe Gardner 0-0: Ball
1-0: Called Strike
1-1: Swinging Strike
1-2: Ball
2-2: Ball
3-2: Base on Balls
Batting: RHB Jeremy Trump 0-0: Called Strike
0-1: Grounds out, U3 (Groundball, 3L, EV 91.9 MPH)
Batting: SHB Troy Kenyon 0-0: Ball
1-0: Called Strike
1-1: SINGLE (Flyball, 89S, EV 93.8 MPH)
Joe Gardner to third
Runner from 3rd tries for Home, SAFE, throw by RF to home
Batting: LHB Bryce Hill 0-0: Ball
1-0: Foul Ball, location: 2F
1-1: Ground out 6-3 (Groundball, P, EV 81.9 MPH)
Bottom of the 7th over - 1 run, 1 hit, 0 errors, 1 left on base; Montreal 4 - Houston 3
TOP OF THE 8TH
Montreal Expos batting - Pitching for Houston Astros : RHP Paul Schwartz
Pitching: RHP Seth Bowersox
Batting: RHB Mike Salmon 0-0: Called Strike
0-1: DOUBLE (Popup, 6D, EV 50.0 MPH)
Batting: RHB John Ham 0-0: Ball
1-0: Swinging Strike
1-1: Ball
2-1: SINGLE (Flyball, 7LS, EV 92.5 MPH)
Mike Salmon to third
Batting: LHB Steve Anderson 0-0: Called Strike
0-1: Swinging Strike
0-2: Strikes out looking
John Ham steals 2nd base
Batter strikes out.
Batting: RHB C.J. Beavers 0-0: Ball
1-0: Ball
2-0: Ball
3-0: Base on Balls
Batting: RHB Eugênio Asceno 0-0: Ball
1-0: Foul Ball, location: 2F
1-1: Foul Ball, location: 2F
1-2: Ball
2-2: Fly out, F4 (Popup, 34D, EV 52.5 MPH)
Batting: RHB Danny Diaz 0-0: Ball
1-0: Ball
2-0: Ground out 5-3 (Groundball, 56, EV 103.1 MPH)
Top of the 8th over - 0 runs, 2 hits, 0 errors, 3 left on base; Montreal 4 - Houston 3
BOTTOM OF THE 8TH
Houston Astros batting - Pitching for Montreal Expos : RHP Elliott Payne
Pitching: RHP Joel Montenegro
Batting: RHB Chang-wei Jiang 0-0: Ball
1-0: Ball
2-0: Ground out U3 (Groundball, 3, EV 107.5 MPH)
Batting: RHB Elijah Hunter 0-0: Ball
1-0: Foul Ball, location: 2F
1-1: Ball
2-1: Called Strike
2-2: Fly out, F7 (Line Drive, 7, EV 92.5 MPH)
Batting: RHB Chris Lane 0-0: SINGLE (Groundball, 56D, EV 100.0 MPH)
Batting: RHB Josh Froyd 0-0: Ball
1-0: Fielders Choice at 2nd, 6-4 (Groundball, 6, EV 99.4 MPH)
Bottom of the 8th over - 0 runs, 1 hit, 0 errors, 1 left on base; Montreal 4 - Houston 3
TOP OF THE 9TH
Montreal Expos batting - Pitching for Houston Astros : RHP Seth Bowersox
Pitching: LHP Curt Joseph
Batting: RHB Robby Juarez 0-0: Foul Ball, location: 2F
0-1: Foul Ball, location: 2F
0-2: Ball
1-2: Ball
2-2: Strikes out looking
Batting: RHB Steve French 0-0: Ball
1-0: Fly out, F8 (Flyball, 78D, EV 83.1 MPH)
Batting: LHB Austin Ohmer 0-0: Called Strike
0-1: Ball
1-1: Foul Ball, location: 2F
1-2: Foul Ball, location: 2F
1-2: Foul Ball, location: 2F
1-2: Ball
2-2: Foul Ball, location: 2F
2-2: Ball
3-2: SINGLE (Line Drive, 4D, EV 107.5 MPH)
Batting: RHB Mike Salmon 0-0: Ball
Austin Ohmer steals 2nd base (no throw)
1-0: Foul Ball, location: 2F
1-1: Ball
2-1: Called Strike
2-2: Foul Ball, location: 2F
2-2: Foul Ball, location: 2F
2-2: Foul Ball, location: 2F
2-2: Fly out, F8 (Flyball, 8RD, EV 93.1 MPH)
Top of the 9th over - 0 runs, 1 hit, 0 errors, 1 left on base; Montreal 4 - Houston 3
BOTTOM OF THE 9TH
Houston Astros batting - Pitching for Montreal Expos : RHP Joel Montenegro
Pitching: RHP Jakub Kvacek
Now in LF: Pete Barutha
Now in RF: Bran Stark
Batting: RHB Matt Thompson 0-0: Called Strike
0-1: Hit by Pitch
Batting: SHB Joe Gardner 0-0: Bunted foul
0-1: Ball
1-1: Bunted foul
1-2: DOUBLE (Flyball, 8RXD, EV 91.2 MPH)
Matt Thompson to third
Batting: RHB Jeremy Trump 0-0: Called Strike
0-1: Foul Ball, location: 2F
0-2: Strikes out swinging
Batting: SHB Troy Kenyon 0-0: Ball
1-0: Called Strike
1-1: Ball
2-1: Ground out 5-3 (Groundball, 6, EV 78.8 MPH)
Batting: LHB Bryce Hill 0-0: Intentional Walk
Batting: RHB Chang-wei Jiang 0-0: Called Strike
0-1: Foul Ball, location: 2F
0-2: SINGLE (Groundball, 25, EV 74.4 MPH) (infield hit)
Matt Thompson scores
Joe Gardner to third
Bryce Hill to second
Batting: RHB Elijah Hunter 0-0: Called Strike
0-1: Ball
1-1: Foul Ball, location: 2F
1-2: Ball
2-2: Strikes out swinging
Bottom of the 9th over - 1 run, 2 hits, 0 errors, 3 left on base; Montreal 4 - Houston 4
TOP OF THE 10TH
Montreal Expos batting - Pitching for Houston Astros : LHP Curt Joseph
Batting: SHB Pete Barutha 0-0: Ball
1-0: Foul Ball, location: 2F
1-1: Ball
2-1: Ball
3-1: Base on Balls
Batting: LHB Steve Anderson 0-0: Sac Bunt to 23 - play at first, batter OUT! 3-4
Pete Barutha to second
Batting: SHB Bran Stark 0-0: Ball
1-0: Swinging Strike
1-1: Ball
2-1: Ball
3-1: Swinging Strike
3-2: Base on Balls
Pitching: RHP Jason Decker
Batting: RHB Eugênio Asceno 0-0: Foul Ball, location: 2F
0-1: Ball
1-1: Swinging Strike
1-2: Foul Ball, location: 2F
1-2: Foul Ball, location: 2F
1-2: Ball
2-2: Strikes out swinging
Pinch Hitting: LHB Davion Lewis 0-0: Called Strike
0-1: Fly out, F8 (Flyball, 8LD, EV 101.2 MPH)
Top of the 10th over - 0 runs, 0 hits, 0 errors, 2 left on base; Montreal 4 - Houston 4
BOTTOM OF THE 10TH
Houston Astros batting - Pitching for Montreal Expos : RHP Jakub Kvacek
Pitching: RHP Ben Sheets
Now at 2B: Nick Sharp
Batting: RHB Chris Lane 0-0: Called Strike
0-1: Swinging Strike
0-2: Strikes out swinging
Batting: RHB Josh Froyd 0-0: Called Strike
0-1: Called Strike
0-2: Strikes out swinging
Batting: RHB Matt Thompson 0-0: Ball
1-0: Called Strike
1-1: Ground out 4-3 (Groundball, 4, EV 81.9 MPH)
Bottom of the 10th over - 0 runs, 0 hits, 0 errors, 0 left on base; Montreal 4 - Houston 4
TOP OF THE 11TH
Montreal Expos batting - Pitching for Houston Astros : RHP Jason Decker
Batting: RHB Robby Juarez 0-0: Foul Ball, location: 2F
0-1: Ball
1-1: Foul Ball, location: 2F
1-2: Fly out, F7 (Flyball, 7S, EV 82.5 MPH)
Batting: RHB Steve French 0-0: Ball
1-0: Ball
2-0: Called Strike
2-1: Ball
3-1: Foul Ball, location: 2F
3-2: Base on Balls
Batting: LHB Austin Ohmer 0-0: Ball
1-0: Grounds into double play, 6-4-3 (Groundball, 6, EV 89.4 MPH)
Top of the 11th over - 0 runs, 0 hits, 0 errors, 0 left on base; Montreal 4 - Houston 4
BOTTOM OF THE 11TH
Houston Astros batting - Pitching for Montreal Expos : RHP Ben Sheets
Batting: SHB Joe Gardner 0-0: Called Strike
0-1: Foul Ball, location: 2F
0-2: Ball
1-2: Ball
2-2: Ball
3-2: Strikes out swinging
Batting: RHB Jeremy Trump 0-0: Swinging Strike
0-1: Called Strike
0-2: Ball
1-2: Strikes out looking
Batting: SHB Troy Kenyon 0-0: Ball
1-0: Foul Ball, location: 2F
1-1: Called Strike
1-2: Strikes out looking
Bottom of the 11th over - 0 runs, 0 hits, 0 errors, 0 left on base; Montreal 4 - Houston 4
TOP OF THE 12TH
Montreal Expos batting - Pitching for Houston Astros : RHP Jason Decker
Batting: RHB Mike Salmon 0-0: Ball
1-0: Ball
2-0: Ground out 5-3 (Groundball, 56, EV 81.9 MPH)
Batting: SHB Pete Barutha 0-0: Fly out, F8 (Flyball, 8RXD, EV 90.6 MPH)
Batting: LHB Steve Anderson 0-0: Ball
1-0: Swinging Strike
1-1: Ball
2-1: Ball
3-1: Called Strike
3-2: Foul Ball, location: 2F
3-2: Base on Balls
Batting: SHB Bran Stark 0-0: Called Strike
0-1: Ball
1-1: Called Strike
1-2: Foul Ball, location: 2F
1-2: Foul Ball, location: 2F
1-2: Foul Ball, location: 2F
1-2: Ground out 1-3 (Groundball, 15S, EV 65.0 MPH)
Top of the 12th over - 0 runs, 0 hits, 0 errors, 1 left on base; Montreal 4 - Houston 4
BOTTOM OF THE 12TH
Houston Astros batting - Pitching for Montreal Expos : RHP Ben Sheets
Batting: LHB Bryce Hill 0-0: Ball
1-0: Foul Ball, location: 2F
1-1: Ball
2-1: Swinging Strike
2-2: Ball
3-2: Foul Ball, location: 2F
3-2: Base on Balls
Batting: RHB Chang-wei Jiang 0-0: Ball
1-0: SINGLE (Groundball, 6MD, EV 94.4 MPH)
Bryce Hill to second
Pinch Hitting: LHB Jim Keefe 0-0: Called Strike
0-1: Swinging Strike
0-2: Foul Ball, location: 2F
0-2: Grounds into double play, 4-6-3 (Groundball, 4, EV 101.2 MPH)
Bryce Hill to third
Batting: RHB Chris Lane 0-0: Called Strike
0-1: Called Strike
0-2: Ball
1-2: Ball
2-2: Foul Ball, location: 2F
2-2: Ground out 4-3 (Groundball, 4, EV 98.8 MPH)
Bottom of the 12th over - 0 runs, 1 hit, 0 errors, 1 left on base; Montreal 4 - Houston 4
TOP OF THE 13TH
Montreal Expos batting - Pitching for Houston Astros : RHP Jason Decker
Now in LF: Bryce Hill
Now in RF: Antonio Aranda
Batting: RHB Eugênio Asceno 0-0: Called Strike
0-1: Foul Ball, location: 2F
0-2: Strikes out swinging
Batting: RHB Nick Sharp 0-0: Foul Ball, location: 2F
0-1: Foul Ball, location: 2F
0-2: Strikes out looking
Batting: RHB Robby Juarez 0-0: Ball
1-0: Called Strike
1-1: Foul Ball, location: 2F
1-2: Fly out, F8 (Flyball, 8LD, EV 103.1 MPH)
Top of the 13th over - 0 runs, 0 hits, 0 errors, 0 left on base; Montreal 4 - Houston 4
BOTTOM OF THE 13TH
Houston Astros batting - Pitching for Montreal Expos : RHP Ben Sheets
Batting: RHB Josh Froyd 0-0: Ball
1-0: Called Strike
1-1: Ball
2-1: Ground out 6-3 (Groundball, 6, EV 76.9 MPH)
Pitching: LHP Anass Rhammar
Batting: RHB Matt Thompson 0-0: Swinging Strike
0-1: Ground out 6-3 (Groundball, 6, EV 81.9 MPH)
Batting: SHB Joe Gardner 0-0: Ball
1-0: Foul Ball, location: 2F
1-1: Ball
2-1: Ball
3-1: Swinging Strike
3-2: Strikes out looking
Bottom of the 13th over - 0 runs, 0 hits, 0 errors, 0 left on base; Montreal 4 - Houston 4
TOP OF THE 14TH
Montreal Expos batting - Pitching for Houston Astros : RHP Jason Decker
Pitching: LHP Chad Dominey
Batting: RHB Steve French 0-0: Foul Ball, location: 2F
0-1: Called Strike
0-2: Ball
1-2: Strikes out swinging
Batting: LHB Austin Ohmer 0-0: Called Strike
0-1: Ball
1-1: Ball
2-1: Ground out U3 (Groundball, 3, EV 106.2 MPH)
Batting: RHB Mike Salmon 0-0: Ball
1-0: Ball
2-0: Swinging Strike
2-1: Swinging Strike
2-2: Ball
3-2: Strikes out swinging
Top of the 14th over - 0 runs, 0 hits, 0 errors, 0 left on base; Montreal 4 - Houston 4
BOTTOM OF THE 14TH
Houston Astros batting - Pitching for Montreal Expos : LHP Anass Rhammar
Batting: RHB Jeremy Trump 0-0: Swinging Strike
0-1: Called Strike
0-2: Ball
1-2: Strikes out looking
Batting: SHB Troy Kenyon 0-0: Ball
1-0: SINGLE (Line Drive, 9S, EV 84.4 MPH)
Batting: LHB Bryce Hill 0-0: Fielders Choice at 2nd, 3-6 (Groundball, 3, EV 88.1 MPH)
Batting: RHB Chang-wei Jiang 0-0: Ball
1-0: Ball
2-0: Called Strike
2-1: Fielders Choice at 2nd, 6-4 (Groundball, 6, EV 100.6 MPH)
Bottom of the 14th over - 0 runs, 1 hit, 0 errors, 1 left on base; Montreal 4 - Houston 4
TOP OF THE 15TH
Montreal Expos batting - Pitching for Houston Astros : LHP Chad Dominey
Batting: SHB Pete Barutha 0-0: Ball
1-0: SINGLE (Groundball, 5S, EV 56.9 MPH) (infield hit)
Batting: LHB Steve Anderson 0-0: Called Strike
Pete Barutha is caught stealing 2nd base 2-6
0-1: Swinging Strike
0-2: Foul Ball, location: 2F
0-2: Fly out, F7 (Flyball, 7S, EV 83.1 MPH)
Batting: SHB Bran Stark 0-0: Ball
1-0: Ball
2-0: Ball
3-0: Called Strike
3-1: Fly out, F7 (Flyball, 78D, EV 86.2 MPH)
Top of the 15th over - 0 runs, 1 hit, 0 errors, 0 left on base; Montreal 4 - Houston 4
BOTTOM OF THE 15TH
Houston Astros batting - Pitching for Montreal Expos : LHP Anass Rhammar
Batting: RHB Antonio Aranda 0-0: Foul Ball, location: 2F
0-1: Ball
1-1: SINGLE (Groundball, 34D, EV 96.9 MPH)
Batting: RHB Chris Lane 0-0: Ball
1-0: Called Strike
Antonio Aranda steals 2nd base
1-1: Ball
2-1: Foul Ball, location: 2F
2-2: Ground out 3-1 (Groundball, 34S, EV 90.0 MPH)
Antonio Aranda to third
Batting: RHB Josh Froyd 0-0: Swinging Strike
0-1: Ball
1-1: Swinging Strike
1-2: Strikes out swinging
Batting: RHB Matt Thompson 0-0: Intentional Walk
Batting: SHB Joe Gardner 0-0: SINGLE (Line Drive, 4D, EV 95.6 MPH)
Antonio Aranda scores
Bottom of the 15th over - 1 run, 2 hits, 0 errors, 1 left on base; Montreal 4 - Houston 5
Tuesday, September 13th , 2022 - OOTP Baseball 23.7 Build 88